 Dungeon Crawl Stone Soup version 0.26-a0-649-gf8c6c3aab7 (webtiles) character file.

Game seed: 13555780699909004211

1980 KennyOmg the Cleaver (level 9, -12/82 HPs)
             Began as a Minotaur Berserker on Sept 27, 2020.
             Was a Priest of Trog.
             Mangled by an orc warrior
             ... wielding a +2 glaive of venom
              (18 damage)
             ... on level 6 of the Dungeon.
             The game lasted 00:07:27 (5121 turns).

KennyOmg the Cleaver (Minotaur Berserker)           Turns: 5121, Time: 00:07:27

Health: -12/82     AC: 10    Str: 21 (22) XL:     9   Next: 1%
Magic:  8/8        EV:  6    Int:  4 (7)  God:    Trog [***...]
Gold:   303        SH:  3    Dex:  7 (10) Spells: 8/8 levels left

rFire    + . .     SeeInvis +   u - +0 broad axe
rCold    . . .     Faith    .   p - +0 buckler
rNeg     . . .     Spirit   .   h - +0 plate armour
rPois    .         Reflect  .   (helmet restricted)
rElec    .         Harm     .   x - scarf {repulsion}
rCorr    .         Rampage  .   (no gloves)
MR       .....                  (no boots)
Stlth    ..........             e - amulet of regeneration
HPRegen  0.63/turn              i - ring of protection from fire
MPRegen  0.11/turn              (no ring)

@: lethally poisoned (-12 -> -13), drained, repel missiles
A: retaliatory headbutt, hooves 2, horns 2, see invisible, subdued magic 1
a: Berserk, Trog's Hand, Renounce Religion


You were on level 6 of the Dungeon.
You worshipped Trog.
Trog was most pleased with you.
You visited 1 branch of the dungeon, and saw 6 of its levels.

You collected 303 gold pieces.

Inventory:

Hand Weapons
 u - a +0 broad axe (weapon)
   (You found it on level 3 of the Dungeon)
Missiles
 s - 5 poisoned darts (quivered)
 y - a throwing net {!f}
Armour
 h - a +0 plate armour (worn)
   (You found it on level 1 of the Dungeon)
 p - a +0 buckler (worn)
   (You found it on level 5 of the Dungeon)
 x - a scarf of repulsion (worn)
   (You found it on level 3 of the Dungeon)
Jewellery
 e - an amulet of regeneration (around neck)
   (You found it on level 3 of the Dungeon)
 i - a ring of protection from fire (left hand)
   (You found it on level 5 of the Dungeon)
 t - an uncursed amulet of guardian spirit
   (You found it on level 3 of the Dungeon)
 G - an uncursed amulet of reflection
   (You found it on level 6 of the Dungeon)
Wands
 d - a wand of iceblast (6)
   (You found it on level 4 of the Dungeon)
Scrolls
 a - a scroll of random uselessness {unknown}
 b - 7 scrolls of identify {unknown}
 f - a scroll of amnesia {unknown}
 j - 2 scrolls of enchant weapon {unknown}
 l - a scroll of enchant armour {unknown}
 m - 2 scrolls of fog {unknown}
 n - 2 scrolls of blinking {unknown}
 r - 4 scrolls of remove curse {unknown}
 A - a scroll of fear {unknown}
 B - 2 scrolls of teleportation {unknown}
 E - a scroll of holy word {unknown}
Potions
 c - a potion of haste {unknown}
 g - a potion of magic {unknown}
 k - 3 potions of degeneration {!q}
 o - 2 potions of curing {@q1}
 q - 2 potions of mutation {!q}
 v - a potion of stabbing {unknown}
 w - a potion of invisibility {unknown}
 z - a potion of berserk rage {unknown}
 C - a potion of lignification {unknown}
 D - a potion of flight {unknown}


   Skills:
 + Level 8.6(7.8) Fighting
 * Level 11.5(10.6) Axes
 - Level 2.4(1.7) Armour
 - Level 2.1(1.4) Dodging
 + Level 3.2(2.5) Shields


You had 8 spell levels left.
You didn't know any spells.
Your spell library was empty.

Dungeon Overview and Level Annotations

Branches:
Dungeon (6/15)             Temple (0/1) D:4

Altars:
Ashenzari
Gozag
Hepliaklqana
Kikubaaqudgha
Qazlal
Ru
Beogh


Innate Abilities, Weirdness & Mutations

You reflexively headbutt those who attack you in melee.
You have a pair of horns on your head.
You have hoof-like feet.
You have supernaturally acute eyesight. (SInv)
Your spells are a little easier to cast, but a little less powerful.


Message History

You feel sick.
You closely miss the worker ant. Your headbutt misses the worker ant.
You feel sick.
The worker ant bites you but does no damage.
The orc warrior hits you from afar with a +2 glaive of venom!
* * * LOW HITPOINT WARNING * * *
You are lethally poisoned!
The worker ant barely misses you.
* * * LOW HITPOINT WARNING * * *
You feel very sick.
Your plate armour prevents you from hitting the worker ant.
You feel less confused.
* * * LOW HITPOINT WARNING * * *
You feel very sick.
The worker ant bites you but does no damage.
You closely miss the worker ant.
* * * LOW HITPOINT WARNING * * *
You feel very sick.
The orc warrior hits you from afar with a +2 glaive of venom!
* * * LOW HITPOINT WARNING * * *
You are more poisoned.
You block the worker ant's attack.
It was a potion of degeneration.
There was something very wrong with that liquid.
You feel weakened.
You feel dopey.
You feel clumsy.
* * * LOW HITPOINT WARNING * * *
You feel very sick.
The worker ant bites you but does no damage.
The orc warrior barely misses you.
The worker ant bites you but does no damage.
It was a potion of mutation.
You feel extremely strange.
Your feet thicken and deform.
Your connection to magic feels subdued.
Your vision sharpens.
Your feet thicken and deform.
* * * LOW HITPOINT WARNING * * *
You feel very sick. You block the orc warrior's attack.
The worker ant bites you but does no damage.
It was a potion of curing.
You feel better. The orc hits you but does no damage. The worker ant bites you.
* * * LOW HITPOINT WARNING * * *
You are poisoned.
The worker ant poisons you! You block the orc warrior's attack.
Okay, then.
You feel sick. The worker ant closely misses you.
You closely miss the orc warrior. You slash the worker ant!
You barely miss the orc.
The worker ant bites you but does no damage.
The orc barely misses you. You furiously retaliate!
You headbutt the orc.
The orc warrior hits you with a +2 glaive of venom!!
You die...

###### ###.)..## ##..#....#
####+########.#)..#..######
#.....#.....#...#.........#
#.....#.....'.#...#.......#
#.....#.....#oao#.........#
#.....#.....#.@...........#
#..(..#.....#.............#
#....†#######......########
#..................#
######.......#######
#.......## #.(......#####
#=...........# ##
#............##


You could see an orc warrior, a worker ant and an orc.

Vanquished Creatures
  Grinder (D:3)
  Eustachio (D:5)
  Edmund (D:6)
  The ghost of DogServant the Grave Robber, an amateur TeNe (D:3)
  An ice beast (D:5)
  3 ogres
  A sky beast (D:6)
  A scorpion (D:4)
  9 wights (D:6)
  A jelly (D:5)
  An orc priest (D:6)
  A hound (D:5)
  5 orc wizards
  An iguana (D:5)
  Natasha (thrice) (D:2)
  A worker ant (D:5)
  A hound zombie (D:5)
  7 gnolls (D:4)
  4 adders
  3 oozes
  3 adder skeletons
  2 worms
  3 dart slugs (D:1)
  4 leopard geckos
  17 orcs
  8 bats
  3 giant cockroaches
  5 goblins
  2 hobgoblins
  3 jackals (D:2)
  7 kobolds
  2 quokkas
  3 frilled lizards
  7 rats
116 creatures vanquished.

Notes
Turn   | Place    | Note
-------+----------+-------------------------------------------
     0 | D:1      | KennyOmg the Minotaur Berserker began the quest for the
                  | Orb.
     0 | D:1      | Reached XP level 1. HP: 19/19 MP: 0/0
    34 | D:1      | Reached skill level 4 in Axes
   162 | D:1      | Reached XP level 2. HP: 27/27 MP: 1/1
   316 | D:1      | Reached ** piety under Trog
   316 | D:1      | Reached XP level 3. HP: 21/33 MP: 2/2
   726 | D:2      | Reached skill level 5 in Axes
   906 | D:2      | Noticed Natasha
   915 | D:2      | Killed Natasha
   915 | D:2      | Reached XP level 4. HP: 41/41 MP: 3/3
   938 | D:2      | Noticed Natasha
   949 | D:2      | Killed Natasha
   961 | D:2      | Noticed Natasha
   977 | D:2      | Killed Natasha
   977 | D:2      | Reached skill level 6 in Axes
  1410 | D:3      | Reached XP level 5. HP: 47/47 MP: 4/4
  1441 | D:3      | Reached skill level 5 in Fighting
  1557 | D:3      | Noticed Grinder
  1582 | D:3      | Killed Grinder
  1582 | D:3      | Reached skill level 7 in Axes
  1582 | D:3      | Reached XP level 6. HP: 24/57 MP: 1/5
  1859 | D:3      | Found a runed translucent gate.
  1860 | D:3      | Found a runed translucent gate.
  1862 | D:3      | Noticed DogServant's ghost (amateur TeNe)
  1863 | D:3      | Found a runed translucent gate.
  2107 | D:3      | Identified the +0 ring mail of the Wumpus {Harm rF- MR+
                  | Str+2}
  2243 | D:3      | Found a roughly hewn altar of Beogh.
  2248 | D:3      | Killed DogServant's ghost
  2252 | D:3      | Reached skill level 8 in Axes
  2457 | D:4      | Found a sacrificial altar of Ru.
  2469 | D:4      | Reached XP level 7. HP: 63/63 MP: 4/6
  2702 | D:4      | Reached *** piety under Trog
  2811 | D:4      | Found an opulent altar of Gozag.
  2813 | D:4      | Found a broken altar of Ashenzari.
  3147 | D:4      | Found a staircase to the Ecumenical Temple.
  3331 | D:4      | Found a hazy altar of Hepliaklqana.
  3406 | D:5      | Entered Level 5 of the Dungeon
  3463 | D:5      | Reached skill level 9 in Axes
  3891 | D:5      | Reached XP level 8. HP: 42/73 MP: 7/7
  4101 | D:5      | Noticed Eustachio
  4111 | D:5      | Killed Eustachio
  4111 | D:5      | Reached skill level 10 in Axes
  4354 | D:5      | Found an ancient bone altar of Kikubaaqudgha.
  4403 | D:6      | Reached skill level 1 in Shields
  4676 | D:6      | Reached skill level 11 in Axes
  4856 | D:6      | Noticed Edmund
  4868 | D:6      | Killed Edmund
  4912 | D:6      | Found a stormy altar of Qazlal.
  4912 | D:6      | Noticed an air elemental
  5014 | D:6      | Found a sacrificial altar of Ru.
  5109 | D:6      | Reached XP level 9. HP: 52/82 MP: 8/8
  5118 | D:6      | Gained mutation: You have large cloven feet. [potion of
                  | mutation]
  5118 | D:6      | Gained mutation: Your spells are a little easier to cast,
                  | but a little less powerful. [potion of mutation]
  5118 | D:6      | Gained mutation: You have supernaturally acute eyesight.
                  | (SInv) [potion of mutation]
  5118 | D:6      | Gained mutation: You have hoof-like feet. [potion of
                  | mutation]
  5118 | D:6      | HP: 3/82 [poisoned by an orc warrior]
  5121 | D:6      | Mangled by an orc warrior

Illustrated notes

Levels and vault maps discovered:
D:1:      dpeg_arrival_erosion, layout_rooms
D:2:      layout_rooms, uniq_natasha
D:3:      layout_basic, biasface_ghost_orc_armoury, uniq_grinder
D:4:      layout_basic, lemuel_crystal_altar, grunt_temple_overflow_open,
          hangedman_ru_absence, minmay_temple_entry_large_hall
D:5:      layout_basic, kiku_gazebo_pond_becter, uniq_eustachio
D:6:      layout_gridville, basic_altar, minmay_misc_feat_doors, hex_tiny,
          nicolae_qazlal_style_of_elements, uniq_edmund

Skill      XL: |  1  2  3  4  5  6  7  8 |
---------------+-------------------------+-----
Axes           | 4 5 6 7 8 9 11 | 11.5
Fighting       | 4 5 6 7 8 |  8.6
Shields        | 3 |  3.2
Armour         | |  2.4
Dodging        | |  2.1

Action                   |  1- 3 |  4- 6 |  7- 9 || total
-------------------------+-------+-------+-------++-------
Melee: Hand axe          |    86 |    53 |       ||   139
       Headbutt          |     9 |     7 |    28 ||    44
       Broad axe         |       |    29 |   141 ||   170
Invok: Berserk           |       |     3 |     2 ||     5
       Trog's Hand       |       |     1 |       ||     1
  Use: Potion            |       |       |     3 ||     3
Armor: Animal skin       |     7 |       |       ||     7
       Plate armour      |    32 |    55 |   110 ||   197
Dodge: Dodged            |    39 |    24 |    50 ||   113
Block: Buckler           |       |       |    15 ||    15

Table legend: (Time is in decaauts)
 A = Elapsed time spent in this place.
 B = Non-inter-level travel time spent in this place.
 C = Inter-level travel time spent in this place.
 D = Time resting spent in this place.
 E = Time spent auto-exploring this place.
 F = Levels seen in this place.
 G = Mean time per level.
                   A        B        C        D        E       F      G
               +--------+--------+--------+--------+--------+-----+--------+
         Total |   5194 |   5053 |    141 |   1256 |   2937 |   6 |  865.7 |
       Dungeon |   5194 |   5053 |    141 |   1256 |   2937 |   6 |  865.7 |
               +--------+--------+--------+--------+--------+-----+--------+

Top non-repeatable levels by time:
     D:3: 1085 daAuts
     D:5: 997 daAuts
     D:4: 970 daAuts
     D:6: 742 daAuts
     D:2: 739 daAuts
     D:1: 659 daAuts
